 Dungeon Crawl Stone Soup version 0.31-a0-200-gbc41564c69 (webtiles) character file.

Game seed: 74668305428188972

462 qw the Skirmisher (level 6, -1/35 HPs)
             Began as a Deep Elf Hunter on June 25, 2023.
             Was an Initiate of Okawaru.
             Killed by divine providence
             ... invoked by an orc priest
              (16 damage)
             ... on level 4 of the Dungeon.
             The game lasted 00:01:10 (2923 turns).

qw the Skirmisher (Deep Elf Hunter)                 Turns: 2923, Time: 00:01:11

Health: -1/35      AC:  8    Str: 12      XL:     6   Next: 79%
Magic:  8/8        EV: 14    Int:  8 (9)  God:    Okawaru [......]
Gold:   143        SH:  0    Dex: 23 (24) Spells: 5/5 levels left

rFire   . . .        Y - +1 shortbow
rCold   + . .        (shield currently unavailable)
rNeg    + . .        b - +2 leather armour {rC+}
rPois   .            i - +0 helmet
rElec   +            (no cloak)
rCorr   .            d - +1 pair of gloves "Ytsab" {rElec rN+ Str+2 Int-5}
SInv    .            (no boots)
Will    .....        (no amulet)
Stlth   ++           k - +6 ring of dexterity
HPRegen 0.25/turn    (no ring)
MPRegen 0.11/turn

%: no passive effects
@: no status effects
A: no striking features
a: Renounce Religion


You were on level 4 of the Dungeon.
You worshipped Okawaru.
Okawaru was noncommittal.
You visited 2 branches of the dungeon, and saw 5 of its levels.

You collected 143 gold pieces.


   Skills:
 - Level 2.0 Fighting
 + Level 9.7 Ranged Weapons
 - Level 4.5 Dodging
 - Level 1.2 Stealth


You had 5 spell levels left.
You didn't know any spells.
Your spell library was empty.

Inventory:

Hand Weapons
 Y - a +1 shortbow (weapon)
Armour
 b - a +2 leather armour of cold resistance (worn)
 d - the +1 pair of gloves "Ytsab" (worn) {rElec rN+ Str+2 Int-5}
   (You acquired it on level 3 of the Dungeon)

   Str:       It affects your strength (+2).
   Int:       It affects your intelligence (-5).
   rElec:     It insulates you from electricity.
   rN:        It protects you from negative energy.
 e - a +2 leather armour of willpower
 g - a +0 ring mail
 i - a +0 helmet (worn)
Jewellery
 k - a +6 ring of dexterity (left hand)
Scrolls
 a - a scroll of identify
 f - a scroll of immolation {unknown}
Potions
 c - a potion of might {unknown}
 h - a potion of mutation {unknown}
 j - a potion of berserk rage {unknown}

Dungeon Overview and Level Annotations

Branches:
Dungeon (4/15)             Temple (1/1) D:4

Altars:
Ashenzari
Cheibriados
Fedhas
Gozag
Hepliaklqana
Kikubaaqudgha
Makhleb
Nemelex Xobeh
Okawaru
Qazlal
Uskayaw
Vehumet
Wu Jian
Xom
Yredelemnul


Message History

Things that are here:
a +0 dagger; a +0 robe
j - a white potion
Enter note:
Found a dagger.
Enter note: An orc priest comes into view.
It is wielding a +0 club.
Found a ring mail.
Enter note: You shoot an arrow.
The arrow hits the orc priest.
The orc priest shouts!
The orc priest is moderately wounded.
You hear a shout! x2
An orc warrior and an orc come into view.
The orc warrior is wielding a +1 dire flail of holy wrath.
Found a pair of glowing boots, a chain mail and a scale mail.
The orc shouts!
The orc warrior moves out of view.
Enter note: You shoot an arrow.
The arrow hits the orc priest.
The orc priest is heavily wounded.
The orc priest invokes the aid of Beogh against you.
Pain shoots through your body!
You shoot an arrow. The arrow barely misses the orc priest.
You shoot an arrow.
The arrow hits the orc priest but does no damage.
The orc priest is heavily wounded.
You shoot an arrow.
The arrow barely misses the orc warrior.
The arrow barely misses the orc priest.
The orc warrior hits you with a +1 dire flail of holy wrath!
You shoot an arrow. The arrow hits the orc warrior!
The orc warrior is moderately wounded.
The orc warrior hits you with a +1 dire flail of holy wrath!
You shoot an arrow.
The arrow closely misses the orc warrior.
The arrow closely misses the orc priest.
The orc priest mumbles some strange prayers to Beogh against you.
Beogh smites you!
You die...

.##. .. #...
#..#...
#)#... .....#
##...#
#....#######
#....@oo..[#
##.....#o.[[#
#......# ...#
#......# [.#
#......# .#
#.....## #
####.....#
###
##........#
#.####
#..###.####
#..).#


You could see an orc warrior, an orc priest and an orc.

Vanquished Creatures
  Edmund (D:4)
  Duvessa (D:4)
  Dowan (D:4)
  Jessica (D:2)
  An iguana (D:4)
  Terence (D:2)
  3 adders
  An ufetubus (D:3)
  3 dart slugs
  8 orcs
  8 endoplasms
  6 giant cockroaches
  4 goblins
  5 hobgoblins
  5 jackals (D:1)
  3 kobolds
  5 quokkas
  7 ball pythons
  5 bats
  A frilled lizard (D:1)
  5 rats
75 creatures vanquished.

Notes
Turn   | Place    | Note
-------+----------+-------------------------------------------
     0 | D:1      | qw the Deep Elf Hunter began the quest for the Orb.
     0 | D:1      | Reached XP level 1. HP: 12/12 MP: 3/3
     0 | D:1      | 0 ||| qw: Version: 0.3-a-22-g0ed2b0b
     0 | D:1      | 0 ||| qw: Game counter: 5637
     0 | D:1      | 0 ||| qw: Melee chars always use a shield: true
     0 | D:1      | 0 ||| qw: God list: Okawaru
     0 | D:1      | 0 ||| qw: Allow faded altars: false
     0 | D:1      | 0 ||| qw: Do Orc after clearing Dungeon:15 true
     0 | D:1      | 0 ||| qw: Do second Lair branch before Depths: true
     0 | D:1      | 0 ||| qw: Lair rune preference: random
     0 | D:1      | 0 ||| qw: Goals: Normal
     0 | D:1      | 0 ||| PLANNING D:1-11
   305 | D:1      | Reached XP level 2. HP: 16/16 MP: 4/4
   322 | D:1      | Reached skill level 6 in Ranged Weapons
   514 | D:1      | HP: 2/16 [kobold/+0 dagger (3)]
   652 | D:1      | Reached XP level 3. HP: 20/20 MP: 5/5
   991 | D:1      | 991 ||| UPGRADING to +0 scale mail.
  1001 | D:1      | 1001 ||| DROPPING +0 leather armour.
  1002 | D:1      | 1002 ||| UPGRADING to +0 ring mail.
  1012 | D:1      | 1012 ||| DROPPING +0 scale mail.
  1013 | D:1      | 1013 ||| DROPPING +6 ring of intelligence.
  1014 | D:1      | 1014 ||| READING 2 scrolls labelled ZOASHU TUPSOSM.
  1015 | D:1      | 1015 ||| READING 2 scrolls labelled JEUMNORIMA.
  1016 | D:1      | 1016 ||| READING scroll labelled KEOCSE JU RYC.
  1017 | D:1      | 1017 ||| DROPPING scroll of butterflies.
  1018 | D:1      | 1018 ||| DROPPING scroll of fear.
  1276 | D:2      | You fall into a shaft and drop 1 floor!
  1285 | D:3      | Reached skill level 7 in Ranged Weapons
  1407 | D:3      | 1407 ||| UPGRADING to +2 leather armour of willpower.
  1417 | D:3      | 1417 ||| READING scroll labelled GELANN SESCHI.
  1421 | D:3      | Found a burning altar of Makhleb.
  1474 | D:3      | Found a faded altar of an unknown god.
  1484 | D:3      | Reached XP level 4. HP: 23/25 MP: 6/6
  1494 | D:3      | Found a hide-covered altar of Uskayaw.
  1495 | D:3      | 1495 ||| READING scroll labelled MACLAO ATRUFYPS.
  1495 | D:3      | Identified a scroll of acquirement
  1495 | D:3      | 1495 ||| ACQUIRING +1 pair of gloves "Ytsab" {rElec rN+
                  | Str+2 Int-5}
  1495 | D:3      | Acquired the +1 pair of gloves "Ytsab" {rElec rN+ Str+2
                  | Int-5}
  1497 | D:3      | 1497 ||| UPGRADING to +1 pair of gloves "Ytsab" {rElec rN+
                  | Str+2 Int-5}.
  1502 | D:3      | 1502 ||| DRINKING 2 grey potions.
  1503 | D:3      | 1503 ||| READING 2 scrolls of identify.
  1503 | D:3      | 1503 ||| IDENTIFYING bubbling brown potion
  1504 | D:3      | 1504 ||| DROPPING potion of magic.
  1745 | D:2      | Noticed Jessica
  1748 | D:2      | 1748 ||| FLEEEEING.
  1749 | D:2      | 1749 ||| FLEEEEING.
  1750 | D:2      | 1750 ||| FLEEEEING.
  1751 | D:2      | 1751 ||| FLEEEEING.
  1752 | D:2      | 1752 ||| FLEEEEING.
  1753 | D:2      | 1753 ||| FLEEEEING.
  1754 | D:2      | 1754 ||| FLEEEEING.
  1755 | D:2      | 1755 ||| FLEEEEING.
  1761 | D:2      | Killed Jessica
  1762 | D:2      | Reached skill level 8 in Ranged Weapons
  1838 | D:2      | Noticed Terence
  1842 | D:2      | Killed Terence
  1843 | D:2      | Reached skill level 3 in Dodging
  1850 | D:2      | Reached XP level 5. HP: 29/29 MP: 7/7
  2055 | D:2      | 2055 ||| UPGRADING to +0 helmet.
  2060 | D:2      | 2060 ||| UPGRADING to +6 ring of dexterity.
  2061 | D:2      | 2061 ||| READING scroll labelled BUGHEUMUAW.
  2062 | D:2      | 2062 ||| READING scroll labelled REAMPO MEONG.
  2136 | D:3      | Found a faded altar of an unknown god.
  2300 | D:3      | Found a broken altar of Ashenzari.
  2410 | D:3      | 2410 ||| READING scroll labelled YKIRGH EHYMA.
  2411 | D:3      | 2411 ||| DRINKING 2 puce potions.
  2412 | D:3      | 2412 ||| DROPPING potion of degeneration.
  2474 | D:4      | Noticed Edmund
  2492 | D:4      | HP: 6/29 [Edmund/+4 heavy flail (7)]
  2493 | D:4      | 2493 ||| DRINKING potion of heal wounds.
  2494 | D:4      | Killed Edmund
  2495 | D:4      | Reached skill level 9 in Ranged Weapons
  2495 | D:4      | Reached XP level 6. HP: 32/34 MP: 8/8
  2526 | D:4      | Found a staircase to the Ecumenical Temple.
  2527 | D:4      | 2527 ||| PLANNING TEMPLE
  2527 | D:4      | 2527 ||| UPGRADING to +2 leather armour of cold resistance.
  2552 | Temple   | Entered the Ecumenical Temple
  2554 | Temple   | 2554 ||| PLANNING OKAWARU WORSHIP
  2759 | Temple   | Became a worshipper of Warmaster Okawaru
  2760 | Temple   | 2760 ||| PLANNING D:1-11
  2774 | D:4      | Noticed Duvessa
  2777 | D:4      | Noticed Dowan
  2791 | D:4      | Killed Duvessa
  2796 | D:4      | Killed Dowan
  2917 | D:4      | Noticed an orc warrior
  2923 | D:4      | Killed from afar by an orc priest

Levels and vault maps discovered:
D:1:      nagdon_arrival_zigzag_paths, layout_basic
D:2:      layout_loops_ring, kennysheep_pointless_box, uniq_terence,
          uniq_jessica
D:3:      layout_basic, nicolae_overflow_ecumenical_swirl,
          grunt_temple_overflow_open, ebering_ecumenical_altar_sacrificial
D:4:      layout_basic, minmay_temple_entry_glass, nicolae_nh_ransacked_shop,
          uniq_pikel, uniq_edmund, uniq_ijyb, uniq_duvessa
Temple:   hc_temple_tempest_star

Skill      XL: |  1  2  3  4  5  6 |
---------------+-------------------+-----
Ranged Weapons | 6 7 8 9 |  9.7
Dodging        | 3 4 |  4.5
Fighting       | 2 |  2.0
Stealth        | |  1.2

Action                     |  1- 3 |  4- 6 || total
---------------------------+-------+-------++-------
   Fire: Shortbow          |   139 |   112 ||   251
    Use: Scroll            |     4 |     5 ||     9
         Potion            |       |     3 ||     3
 Armour: Leather armour    |    20 |     9 ||    29
         Ring mail         |     6 |       ||     6
  Dodge: Dodged            |    50 |    20 ||    70

Table legend:
 A = Non-vault XP
 B = Vault XP
 C = Vault XP percentage of total XP
 D = Non-vault monster count
 E = Vault monster count
 F = Vault count percentage of total count
                 A         B        C        D         E       F
            +---------+---------+-------+---------+---------+-------
      Total |     212 |     448 |  67.9 |      70 |       5 |   6.7
            +---------+---------+-------+---------+---------+-------
        D:1 |      52 |       0 |   0.0 |      28 |       0 |   0.0
        D:2 |      33 |      69 |  67.6 |      13 |       2 |  13.3
        D:3 |      73 |       0 |   0.0 |      25 |       0 |   0.0
        D:4 |      54 |     379 |  87.5 |       4 |       3 |  42.9
            +---------+---------+-------+---------+---------+-------
